 Dungeon Crawl Stone Soup version 0.19.1-1-g22dce08 (webtiles) character file.

40 Jynx the Gusty (level 3, 0/21 HPs)
             Began as a High Elf Air Elementalist on Jan 14, 2017.
             Slain by Terence
             ... wielding a +0 mace
              (6 damage)
             ... on level 2 of the Dungeon.
             The game lasted 00:03:06 (1938 turns).

Jynx the Gusty (High Elf Air Elementalist)          Turns: 1938, Time: 00:03:06

Health: 0/21       AC:  6    Str:  8    XL:     3   Next: 30%
Magic:  3/8        EV: 13    Int: 19    God:
Gold:   54         SH:  0    Dex: 15    Spells: 3 memorised, 2 levels left

rFire  . . .     SeeInvis .     n - -3 short sword (curse)
rCold  . . .     Gourm    .     a - +2 robe
rNeg   . . .     Faith    .     (no shield)
rPois  .         Spirit   .     (no helmet)
rElec  .         Reflect  .     (no cloak)
rCorr  .         Harm     .     f - +0 pair of gloves
MR     .....                    l - +0 pair of boots
Stlth  ++........               (no amulet)
                                (no ring)
                                d - ring of wizardry

@: no status effects
A: no striking features
a: no special abilities


You were on level 2 of the Dungeon.
You were very hungry.

You visited 1 branch of the dungeon, and saw 2 of its levels.

You collected 54 gold pieces.

Inventory:

Hand Weapons
 j - a +0 short sword
 n - a cursed -3 short sword (weapon)
Armour
 a - a +2 robe (worn)
 f - a +0 pair of gloves (worn)
 l - a +0 pair of boots (worn)
Jewellery
 d - a ring of wizardry (left hand)
Scrolls
 i - a scroll of fog {unknown}
Potions
 e - a potion of lignification
 g - 2 potions of cancellation
 k - a potion of agility
Books
 b - a book of Air

   Spells                             Type                      Level
   a - Shock                          Conjuration/Air              1
   b - Swiftness                      Charms/Air                   2
   c - Repel Missiles                 Charms/Air                   2
   d - Static Discharge               Conjuration/Air              3
   e - Lightning Bolt                 Conjuration/Air              5
Comestibles
 c - a bread ration
 m - 4 fruits


   Skills:
 - Level 2.1 Dodging
 - Level 2.1 Stealth
 + Level 2.8 Spellcasting
 + Level 1.8 Conjurations
 * Level 4.7 Air Magic


You had 2 spell levels left.
You knew the following spells:

 Your Spells              Type           Power        Failure   Level  Hunger
a - Shock                 Conj/Air       ###.         1%          1    None
b - Repel Missiles        Chrm/Air       ##....       4%          2    ##.....
c - Swiftness             Chrm/Air       ##......     4%          2    ##.....


Dungeon Overview and Level Annotations

Branches:
Dungeon (2/15)

Altars:

Annotations:
D:2 Terence


Message History

Aim: Terence, wielding a mace and wearing a chain mail (lightly wounded)
The zap hits Terence.
Terence appears unharmed.
Terence is lightly wounded.
Terence hits you with a mace.
Casting: Shock
Confirm with . or Enter, or press ? or * to list all spells.
Aiming: Shock
Press: ? - help, Shift-Dir - straight line, f/p - Terence
Aim: Terence, wielding a mace and wearing a chain mail (lightly wounded)
The zap hits Terence.
Terence is moderately wounded.
Terence hits you with a mace.
* * * LOW HITPOINT WARNING * * *
Casting: Shock
Confirm with . or Enter, or press ? or * to list all spells.
Aiming: Shock
Press: ? - help, Shift-Dir - straight line, f/p - Terence
Aim: Terence, wielding a mace and wearing a chain mail (moderately wounded)
The zap misses Terence.
Terence hits you with a mace.
You die...

#.#.#.#..# # .........#
.#
#.#.#.#..#########.##
....................###
#.#.#.#............#..
....................#
.#####...#####.##..##
.# #...#####.##.# .#
#...##....@@.# # .#
#...##.##.##.###.#
.#####...##.##.##......
.##.......#.##........#
..........#.......#####
..#.#.#.#.#.#...#.#
..#.....#.#.......#
..#.#.............#
..................#


You could see Terence.

Vanquished Creatures
  2 dart slugs
  A leopard gecko (D:1)
  4 bats
  2 giant cockroaches (D:1)
  4 goblins
  4 hobgoblins (D:1)
  2 frilled lizards (D:1)
  7 kobolds
  7 rats
33 creatures vanquished.

Notes
Turn   | Place    | Note
-------+----------+-------------------------------------------
     0 | D:1      | Jynx the High Elf Air Elementalist began the quest for the Orb.
     0 | D:1      | Reached XP level 1. HP: 11/11 MP: 4/4
   343 | D:1      | Reached skill level 4 in Air Magic
   398 | D:1      | You fall through a shaft!
   407 | D:2      | Reached XP level 2. HP: 17/17 MP: 4/6
  1438 | D:1      | Reached XP level 3. HP: 20/21 MP: 2/8
  1630 | D:2      | Noticed Terence
  1928 | D:1      | Learned a level 2 spell: Repel Missiles
  1931 | D:1      | Learned a level 2 spell: Swiftness
  1938 | D:2      | Slain by Terence

Skill      XL: |  1 |
---------------+----+-----
Air Magic      | 4 |  4.7
Dodging        | |  2.1
Stealth        | |  2.1
Spellcasting   | |  2.8
Conjurations   | |  1.8

Action                   || total
-------------------------++-------
Melee: Unarmed           ||     1
       Short sword       ||    13
 Cast: Shock             ||    72
  Use: Scroll            ||     7
  Eat: Chunk             ||     2
Armor: Robe              ||     4
Dodge: Dodged            ||    27
